 Dungeon Crawl Stone Soup version 0.25-a0-464-g3004169c2b (webtiles) character file.

Game seed: 11932297159395657974, levelgen mode: deterministic

91849 HYDRVS the Severer (level 15, 0/141 HPs)
             Began as a Minotaur Berserker on Feb 5, 2020.
             Was a High Priest of Trog.
             Succumbed to a redback's poison
             ... on level 4 of the Spider Nest.
             The game lasted 01:52:07 (18355 turns).

HYDRVS the Severer (Minotaur Berserker)            Turns: 18355, Time: 01:52:08

Health: 0/141      AC: 27    Str: 27    XL:     15   Next: 56%
Magic:  14/14      EV: 16    Int:  1    God:    Trog [*****.]
Gold:   1504       SH:  0    Dex: 11    Spells: 14/14 levels left

rFire    + . .     SeeInvis +   a - +5 executioner's axe (vorpal)
rCold    + + +     Gourm    +   (shield currently unavailable)
rNeg     . . .     Faith    .   w - +0 plate armour of Classification {rPois} (curse)
rPois    +         Spirit   .   v - +2 hat {MR+}
rElec    +         Reflect  .   d - +1 cloak of the Country {rC++ Slay+2}
rCorr    +         Harm     .   X - +0 pair of gloves of the Evening Star {rPois MR+ Int-3 Slay+6} (curse)
MR       ++++.                  H - +0 pair of boots
Stlth    ..........             i - amulet of the gourmand
HPRegen  0.33/turn              x - +3 ring of protection
MPRegen  0.14/turn              z - ring of see invisible

@: lethally poisoned (0 -> -8), resistant, berserk cooldown, very slightly
contaminated, slowed, very slow
A: retaliatory headbutt, hooves 1, horns 2, repulsion field 1, magic resistance
1, MP-powered wands
a: Berserk, Trog's Hand, Brothers in Arms, Renounce Religion


You were on level 4 of the Spider Nest.
You worshipped Trog.
Trog was extremely pleased with you.
You were not hungry.

You visited 3 branches of the dungeon, and saw 18 of its levels.
You also visited: Ossuary, Bailey and Gauntlet.

You collected 1504 gold pieces.

Inventory:

Hand Weapons
 a - a +5 vorpal executioner's axe (weapon)
 b - the +7 arbalest of the Fray {venom, MR- Str+2 Int+5}
   (You took it off a minotaur in a Gauntlet)

   It poisons the ammo it fires.
   It affects your strength (+2).
   It affects your intelligence (+5).
   It affects your resistance to hostile enchantments.
 m - a +2 battleaxe of flaming
Missiles
 g - 193 bolts
Armour
 d - the +1 cloak of the Country (worn) {rC++ Slay+2}
   (You found it in a Gauntlet)

   It affects your accuracy and damage with ranged weapons and melee attacks
   (+2).
   It greatly protects you from cold.
   If you remove this armour, your AC will fall 2 points (27 -> 25)
 v - a +2 hat of magic resistance (worn)
 w - the cursed +0 plate armour of Classification (worn) {rPois}
   (You took it off a minotaur in a Gauntlet)

   It protects you from poison.
   If you remove this armour, your AC will fall 16 points (27 -> 11) It has a
   curse placed upon it.
 H - a +0 pair of boots (worn)
 X - the cursed +0 pair of gloves of the Evening Star (worn) {rPois MR+ Int-3 Slay+6}
   (You found it in a Gauntlet)

   It affects your intelligence (-3).
   It affects your accuracy and damage with ranged weapons and melee attacks
   (+6).
   It protects you from poison.
   It affects your resistance to hostile enchantments.
   If you remove this armour, your AC will fall 1 point (27 -> 26) It has a
   curse placed upon it.
Jewellery
 i - an amulet of the gourmand (around neck)
 t - an uncursed ring of poison resistance
 x - a +3 ring of protection (left hand)
 z - a ring of see invisible (right hand)
Wands
 G - a wand of enslavement (7)
 P - a wand of acid (23)
 T - a wand of iceblast (6)
 V - a wand of paralysis (6)
 W - a wand of disintegration (7)
Scrolls
 f - 3 scrolls of enchant weapon
 h - 2 scrolls of enchant armour
 j - 3 scrolls of magic mapping
 k - 2 scrolls of blinking
 l - 10 scrolls of remove curse
 r - 5 scrolls of fear
 C - a scroll of fog {unknown}
 D - 10 scrolls of identify
 E - a scroll of summoning {unknown}
 I - a scroll of vulnerability {unknown}
 Z - a scroll of silence {unknown}
Potions
 e - a potion of brilliance {unknown}
 n - a potion of ambrosia {unknown}
 q - a potion of berserk rage
 s - a potion of magic
 u - 2 potions of agility
 F - 3 potions of mutation
 K - 2 potions of might {unknown}
 L - 2 potions of flight
 N - 3 potions of cancellation
 O - a potion of haste
 U - 2 potions of resistance
 Y - a potion of invisibility {unknown}
Comestibles
 c - 21 rations


   Skills:
 + Level 15.0 Fighting
 * Level 19.8 Axes
 + Level 14.8 Armour
 + Level 13.7 Dodging


You had 14 spell levels left.
You didn't know any spells.
Your spell library was empty.

Dungeon Overview and Level Annotations

Branches:
Dungeon (11/15)            Temple (0/1) D:6            Lair (3/6) D:10
 Shoals (0/4) Lair:2       Spider (4/4) Lair:3          Orc (0/2) D:9
Ossuary (visited)          Bailey (visited)         Gauntlet (visited)

Altars:
Ashenzari
Cheibriados
Elyvilon
Gozag
Xom
The Shining One

Shops:
D:6 :   D:7 =   D:10 }

Annotations:
Spider:1 3 runed translucent doors, ipx's ghost, journeyman MiWn
Spider:2 1 runed translucent door, Grizz's ghost, journeyman MiFi


Innate Abilities, Weirdness & Mutations

You reflexively headbutt those who attack you in melee.
You have a pair of horns on your head.
You have large cloven feet.
You are surrounded by a mild repulsion field. (EV +2)
You are resistant to hostile enchantments. (MR+)
You expend magic power (3 MP) to strengthen your wands.


Message History

You kill the redback!
Trog accepts your kill.
Your base Fighting skill increases to level 15!
* * * LOW HITPOINT WARNING * * *
You feel very sick.
A redback comes into view.
You slice the jumping spider!!
You kill the jumping spider!
Trog accepts your kill.
Your life force feels restored.
* * * LOW HITPOINT WARNING * * *
You feel sick.
Unknown command.
* * * LOW HITPOINT WARNING * * *
You feel sick.
You are too injured to fight recklessly!
You completely miss the redback. You headbutt the redback!!
You kill the redback!
Trog accepts your kill.
You die...

#.^..^#≈≈≈≈..†.....^....≈≈≈≈≈≈≈..
#^8.8.#≈≈≈....≈≈≈.#...#...†≈†≈#≈.
#.....#..#...≈≈#≈≈..........≈≈≈≈.
......#.^...≈≈≈≈≈≈≈≈...^...#..≈≈.
..8.8.###########################
......######## #########
............. ##^...^...
...........^.##...(.....
..........#..#?.@.......
..........#.....#†...^..
...(......#..... .......
..<.......##.... .......
..#.^.^....###.. .......
.............##. .......
.............### .......
..###.......## .......
....#.......# .


There were no monsters in sight!

Vanquished Creatures
  Asterion (Spider:1)
  Gastronok (Lair:2)
  2 ghost moths (Spider:4)
  4 emperor scorpions
  3 entropy weavers
  A minotaur (Gauntlet)
  2 spark wasps (Spider:4)
  A green death (Gauntlet)
  Fannar (D:11)
  3 hydras (Lair:2)
  Erica (D:9)
  4 death yaks (Lair:2)
  A two-headed ogre (D:11)
  Urug (D:11)
  A death drake (Gauntlet)
  A spectral wolf spider (Gauntlet)
  17 orb spiders
  2 orc knights (Bailey)
  31 wolf spiders
  A cyclops (D:11)
  2 moths of wrath (Spider:4)
  3 ugly things (D:11)
  2 black mambas
  3 torpor snails
  2 orange demons (Gauntlet)
  Psyche (D:11)
  Joseph (D:9)
  6 spiny frogs
  A kobold demonologist (D:11)
  5 spectral redbacks (Spider:4)
  2 komodo dragons
  12 demonic crawlers
  A troll (D:11)
  2 spectral jumping spiders (Spider:4)
  A spectral tarantella (Spider:4)
  28 jumping spiders
  Grinder (D:6)
  4 hornets
  A spectral meliai (Gauntlet)
  4 hippogriffs
  A shadow (D:10)
  76 redbacks
  34 tarantellas
  A wyvern (Lair:1)
  12 yaks
  A wraith (D:11)
  Eustachio (D:6)
  A basilisk (Lair:3)
  3 hungry ghosts (D:9)
  Duvessa (D:7)
  9 water moccasins
  4 porcupines
  A spectral hornet (Spider:4)
  6 orc warriors
  4 sky beasts
  An ice beast (D:7)
  A phantom (D:10)
  2 black bears
  4 ogres
  5 wolves (Gauntlet)
  6 centaurs
  4 crocodiles
  An elf zombie (Ossuary)
  A big kobold (D:7)
  5 bullfrogs
  Dowan (D:7)
  A gnoll sergeant (D:3)
  A wyvern skeleton (D:8)
  2 troll zombies (D:9)
  2 scorpions
  2 howler monkeys (D:8)
  3 crimson imps
  2 centaur zombies
  A bullfrog zombie (D:11)
  A quasit (D:11)
  8 hounds
  2 bullfrog skeletons
  4 jellies
  2 gnoll shamans
  A human zombie (Ossuary)
  3 orc priests
  A centaur skeleton (D:5)
  4 iguanas
  2 orc wizards
  5 hell rats (Lair:3)
  6 worker ants
  2 big kobold zombies (Ossuary)
  4 ogre zombies (D:9)
  A hound zombie (Ossuary)
  A hound skeleton (D:7)
  3 mummies (Ossuary)
  A howler monkey zombie (D:5)
  12 adders
  17 gnolls
  A shadow imp (D:7)
  An ooze (D:1)
  4 adder zombies
  3 worms
  2 dart slugs
  5 leopard geckos
  29 orcs
  2 ball pythons
  2 giant cockroaches
  2 gnoll zombies (Ossuary)
  8 goblins
  10 hobgoblins
  17 jackals
  32 kobolds
  3 quokkas
  3 bats
  4 frilled lizards
  2 goblin skeletons (D:9)
  9 goblin zombies
  3 hobgoblin zombies
  A jackal skeleton (D:6)
  4 jackal zombies
  3 kobold zombies (Ossuary)
  A leopard gecko zombie (D:5)
  2 orc skeletons (D:9)
  13 orc zombies
  4 quokka zombies
  5 rats
  6 rat zombies
  A bush (Lair:1)
  9 plants
632 creatures vanquished.

Vanquished Creatures (others)
  3 fungi (Gauntlet)
  4 plants (Gauntlet)
7 creatures vanquished.

Grand Total: 639 creatures vanquished

Notes
Turn   | Place    | Note
-------+----------+-------------------------------------------
     0 | D:1      | HYDRVS the Minotaur Berserker began the quest for the Orb.
     0 | D:1      | Reached XP level 1. HP: 19/19 MP: 0/0
   429 | D:1      | Reached XP level 2. HP: 27/27 MP: 1/1
   550 | D:1      | Reached skill level 4 in Axes
   837 | D:2      | Reached XP level 3. HP: 33/33 MP: 2/2
   930 | D:2      | Found a faded altar of an unknown god.
  1280 | D:2      | Found an opulent altar of Gozag.
  1371 | D:2      | Reached ** piety under Trog
  1371 | D:2      | Reached XP level 4. HP: 8/40 MP: 3/3
  1473 | D:2      | HP: 2/40 [gnoll/+0 spear (6)]
  2082 | D:3      | Reached skill level 5 in Axes
  2507 | D:3      | Reached XP level 5. HP: 36/47 MP: 4/4
  3082 | D:4      | Reached *** piety under Trog
  3091 | D:4      | Reached XP level 6. HP: 49/55 MP: 5/5
  3148 | D:4      | Reached skill level 5 in Fighting
  3148 | D:4      | Reached skill level 6 in Axes
  3850 | D:5      | Entered Level 5 of the Dungeon
  3877 | D:5      | Reached XP level 7. HP: 61/61 MP: 6/6
  4085 | D:5      | Reached skill level 7 in Axes
  4158 | D:5      | Found a white marble altar of Elyvilon.
  4248 | D:5      | Reached skill level 5 in Armour
  4660 | D:6      | Found a staircase to the Ecumenical Temple.
  4665 | D:6      | Noticed Eustachio
  4673 | D:6      | Killed Eustachio
  4673 | D:6      | Reached skill level 8 in Axes
  4673 | D:6      | Reached skill level 5 in Dodging
  4673 | D:6      | Reached XP level 8. HP: 70/70 MP: 7/7
  4733 | D:6      | Found a shattered altar of Ashenzari.
  4734 | D:6      | Found a snail-covered altar of Cheibriados.
  4758 | D:6      | Noticed Grinder
  4771 | D:6      | Killed Grinder
  5137 | D:6      | Reached skill level 9 in Axes
  5142 | D:6      | Found Luhajit's Book Shop.
  5459 | D:7      | Reached **** piety under Trog
  5495 | D:7      | Noticed Duvessa
  5495 | D:7      | Noticed Dowan
  5507 | D:7      | Killed Duvessa
  5589 | D:7      | Noticed a hippogriff
  5599 | D:7      | Killed a hippogriff
  5599 | D:7      | Reached XP level 9. HP: 71/79 MP: 8/8
  5671 | D:7      | Found a glowing golden altar of the Shining One.
  5694 | D:7      | Found Tonexeos's Jewellery Shoppe.
  5862 | D:7      | Killed Dowan
  6080 | D:8      | Found a sand-covered staircase.
  6088 | Ossuary  | Entered an ossuary
  6160 | Ossuary  | Reached skill level 10 in Axes
  6262 | Ossuary  | Reached ***** piety under Trog
  6262 | Ossuary  | Received a gift from Trog
  6309 | Ossuary  | Gained mutation: You have large cloven feet. [potion of
                  | mutation]
  6309 | Ossuary  | Gained mutation: You are resistant to hostile enchantments.
                  | (MR+) [potion of mutation]
  6309 | Ossuary  | Gained mutation: You expend magic power (3 MP) to
                  | strengthen your wands. [potion of mutation]
  6309 | Ossuary  | Gained mutation: You are surrounded by a mild repulsion
                  | field. (EV +2) [potion of mutation]
  6591 | D:8      | You fall into a shaft and drop 1 floor!
  6600 | D:9      | Noticed Erica
  6606 | D:9      | Killed Erica
  6606 | D:9      | Reached skill level 11 in Axes
  6729 | D:9      | Noticed Joseph
  6736 | D:9      | Killed Joseph
  6736 | D:9      | Reached XP level 10. HP: 77/90 MP: 9/9
  6829 | D:9      | Found a staircase to the Orcish Mines.
  7377 | D:9      | Received a gift from Trog
  7566 | D:9      | Got a twisted leather armour
  7577 | D:9      | Identified the +1 leather armour of Nuudala {rCorr Dex+2}
                  | (You found it on level 9 of the Dungeon)
  7700 | D:10     | Entered Level 10 of the Dungeon
  7790 | D:10     | Found Wowaboul's Gadget Emporium.
  8066 | D:10     | Reached skill level 12 in Axes
  8093 | D:10     | Found a staircase to the Lair.
  8483 | D:11     | Noticed a cyclops
  8492 | D:11     | Killed a cyclops
  8501 | D:11     | Noticed Fannar
  8520 | D:11     | Killed Fannar
  8664 | D:11     | Noticed Urug
  8664 | D:11     | Noticed a brown ugly thing
  8693 | D:11     | Killed a brown ugly thing
  8697 | D:11     | Killed Urug
  8697 | D:11     | Reached skill level 13 in Axes
  8697 | D:11     | Reached XP level 11. HP: 69/99 MP: 10/10
  8762 | D:11     | Found a glowing golden altar of the Shining One.
  8763 | D:11     | Noticed a white ugly thing
  8772 | D:11     | Killed a white ugly thing
  8835 | D:11     | Noticed Psyche
  8835 | D:11     | Noticed a two-headed ogre
  8839 | D:11     | Killed a two-headed ogre
  8839 | D:11     | Reached skill level 10 in Fighting
  8845 | D:11     | Killed Psyche
  8893 | D:11     | Found a flagged portal.
  8904 | Bailey   | Entered a bailey
  8912 | Bailey   | Noticed an orc knight
  8935 | Bailey   | Noticed an orc knight
  9007 | Bailey   | Received a gift from Trog
  9014 | Bailey   | Killed an orc knight
  9017 | Bailey   | Reached skill level 10 in Armour
  9029 | Bailey   | Killed an orc knight
  9610 | D:11     | Noticed a green ugly thing
  9614 | D:11     | Killed a green ugly thing
  9614 | D:11     | Reached skill level 14 in Axes
  9754 | Lair:1   | Entered Level 1 of the Lair of Beasts
 10345 | Lair:1   | Reached XP level 12. HP: 92/110 MP: 11/11
 10356 | Lair:1   | Reached skill level 10 in Dodging
 10809 | Lair:2   | Found a gate leading to a gauntlet.
 10819 | Gauntlet | Entered a Gauntlet
 10819 | Gauntlet | Found a transporter.
 10819 | Gauntlet | Found a transporter.
 10828 | Gauntlet | Found a transporter.
 10829 | Gauntlet | Found a transporter.
 10838 | Gauntlet | Found a transporter.
 10856 | Gauntlet | Found a transporter.
 10866 | Gauntlet | Found a transporter.
 10887 | Gauntlet | Found a transporter.
 10891 | Gauntlet | Found the +2 pair of boots of the Assassin {Detection Stab+
                  | Stlth++}
 10899 | Gauntlet | Found a transporter.
 10902 | Gauntlet | Found a transporter.
 10911 | Gauntlet | Found a transporter.
 10970 | Gauntlet | Found a transporter.
 11185 | Gauntlet | Got a pair of translucent gloves
 11203 | Gauntlet | Identified the cursed +0 pair of gloves of the Evening Star
                  | {rPois MR+ Int-3 Slay+6} (You found it in a Gauntlet)
 11240 | Gauntlet | Found a transporter.
 11240 | Gauntlet | Noticed a catoblepas
 11242 | Gauntlet | Found a transporter.
 11247 | Gauntlet | Noticed a green death
 11256 | Gauntlet | Killed a green death
 11256 | Gauntlet | Reached skill level 15 in Axes
 11266 | Gauntlet | Noticed a seven-headed hydra
 11269 | Gauntlet | Got a smoking cloak
 11299 | Gauntlet | Identified the +1 cloak of the Country {rC++ Slay+2} (You
                  | found it in a Gauntlet)
 11340 | Gauntlet | Identified the +6 dire flail of the Big Bang {vorpal, -Tele
                  | rF- rC+++ SInv}
 11340 | Gauntlet | Identified the +7 arbalest of the Fray {venom, MR- Str+2
                  | Int+5}
 11340 | Gauntlet | Identified the cursed +0 plate armour of Classification
                  | {rPois}
 11340 | Gauntlet | Noticed a minotaur
 11352 | Gauntlet | Killed a minotaur
 11437 | Lair:2   | Noticed a six-headed hydra
 11443 | Lair:2   | Killed a six-headed hydra
 11501 | Lair:2   | Noticed a death yak
 11503 | Lair:2   | Noticed a death yak
 11504 | Lair:2   | Noticed a death yak
 11505 | Lair:2   | Lost intelligence.
 11508 | Lair:2   | Noticed a death yak
 11511 | Lair:2   | Killed a death yak
 11516 | Lair:2   | Killed a death yak
 11516 | Lair:2   | Killed a death yak
 11518 | Lair:2   | Killed a death yak
 11603 | Lair:2   | Noticed a five-headed hydra
 11615 | Lair:2   | Killed an eight-headed hydra
 11615 | Lair:2   | Received a gift from Trog
 11615 | Lair:2   | Reached skill level 16 in Axes
 11623 | Lair:2   | Noticed Gastronok
 11957 | Lair:2   | Killed Gastronok
 11957 | Lair:2   | Reached XP level 13. HP: 111/116 MP: 12/12
 12068 | Lair:2   | Found a staircase to the Shoals.
 12521 | Lair:3   | Found a hole to the Spider Nest.
 12887 | Spider:1 | Entered Level 1 of the Spider Nest
 12899 | Spider:1 | Noticed Asterion
 12913 | Spider:1 | Killed Asterion
 13221 | Spider:1 | Reached skill level 17 in Axes
 13329 | Spider:1 | Received a gift from Trog
 13379 | Spider:1 | Noticed an entropy weaver
 13387 | Spider:1 | Killed an entropy weaver
 13747 | Spider:1 | Found a runed translucent gate.
 13748 | Spider:1 | Found a runed translucent gate.
 13748 | Spider:1 | Found a runed translucent gate.
 13750 | Spider:1 | Noticed ipx's ghost (journeyman MiWn)
 13896 | Spider:2 | Reached XP level 14. HP: 97/129 MP: 13/13
 14035 | Spider:2 | Reached skill level 18 in Axes
 14527 | Spider:2 | Noticed an entropy weaver
 14531 | Spider:2 | Killed an entropy weaver
 14539 | Spider:2 | Received a gift from Trog
 14877 | Spider:2 | Found a runed translucent door.
 14877 | Spider:2 | Found a shimmering altar of Xom.
 14877 | Spider:2 | Noticed Grizz's ghost (journeyman MiFi)
 15008 | Spider:2 | Noticed an emperor scorpion
 15017 | Spider:2 | Killed an emperor scorpion
 15724 | Spider:3 | Noticed an entropy weaver
 15733 | Spider:3 | Killed an entropy weaver
 16439 | Spider:3 | Got a blackened scale mail
 16441 | Spider:3 | Identified the cursed +1 scale mail "Bonoll" {rElec Str+4
                  | Int+5} (You found it on level 3 of the Spider Nest)
 16570 | Spider:3 | Received a gift from Trog
 17011 | Spider:4 | Entered Level 4 of the Spider Nest
 17011 | Spider:4 | Noticed an emperor scorpion
 17020 | Spider:3 | Reached skill level 19 in Axes
 17194 | Spider:4 | Reached XP level 15. HP: 139/139 MP: 14/14
 17221 | Spider:4 | Noticed a ghost moth
 17465 | Spider:4 | Killed a ghost moth
 18226 | Spider:4 | Received a gift from Trog
 18327 | Spider:4 | Noticed a ghost moth
 18334 | Spider:4 | Killed a ghost moth
 18351 | Spider:4 | HP: 6/139 [poisoned by a redback]
 18352 | Spider:4 | Reached skill level 15 in Fighting
 18354 | Spider:4 | HP: 1/141 [poisoned by a redback]
 18355 | Spider:4 | Succumbed to a redback's poison

Levels and vault maps discovered:
D:1:      dpeg_arrival_simpleton_a, layout_loops_ring, grunt_decor_resistance
D:2:      layout_basic, chequers_ecumenical_altar_simple, grunt_gozag_statues
D:3:      layout_rooms, kennysheep_generic_room_16
D:4:      layout_loops_ring, first_ration
D:5:      layout_basic, elyvilon_altar_3
D:6:      layout_loops_corners, grunt_temple_overflow_open,
          minmay_temple_entry_mini_moons, serial_shops, kennysheep_mini,
          kennysheep_nondescript, uniq_eustachio, uniq_grinder
D:7:      layout_basic, tso_oasis_becter, serial_shops,
          nicolae_shop_window_shopping, uniq_duvessa
D:8:      layout_loops_ring, lemuel_coloured_pillars_altar,
          gammafunk_temple_overflow_statue, enter_ossuary_4
D:9:      layout_basic, zombieorc1_lemuel, serial_glass, glass_columns_a,
          glass_columns_b, uniq_joseph, uniq_erica
D:10:     layout_small_grid, dpeg_oklobed_lair, serial_shops, shop
D:11:     layout_roguey, enter_bailey_3, basic_altar, uniq_urug, uniq_fannar,
          uniq_psyche
Lair:1:   layout_hall_layers
Lair:2:   layout_hall_layers, elwin_shoals_entry_rocks, gauntlet_entry_generic,
          grunt_megastairs_1, uniq_gastronok
Lair:3:   layout_roguey, spider_nest_entry_web_field, lemuel_fruit_fields
Spider:1: layout_spider_delve, ebering_ghost_rock_garden, uniq_asterion
Spider:2: layout_spider_delve, ebering_ghost_xom, nicolae_spider_shape
Spider:3: layout_chambers
Spider:4: floodkiller_spider_rune_tomb

Skill      XL: |  1  2  3  4  5  6  7  8  9 10 11 12 13 14 15 |
---------------+----------------------------------------------+-----
Axes           | 4 5 6 8 9 11 13 14 16 17 19 | 19.8
Fighting       | 4 5 6 7 8 9 11 12 13 14 15 | 15.0
Armour         | 3 4 5 6 8 9 10 12 13 14 | 14.8
Dodging        | 3 4 5 6 7 8 9 11 12 13 | 13.7

Action                   |  1- 3 |  4- 6 |  7- 9 | 10-12 | 13-15 || total
-------------------------+-------+-------+-------+-------+-------++-------
Melee: Hand axe          |    66 |   136 |   245 |       |       ||   447
       Headbutt          |     8 |    35 |    53 |    79 |    85 ||   260
       Battleaxe         |       |       |    50 |   355 |   141 ||   546
       Unarmed           |       |       |       |     6 |       ||     6
       Executioner's axe |       |       |       |       |   190 ||   190
 Fire: Hunting sling     |       |    13 |    28 |    79 |       ||   120
       Arbalest          |       |       |       |    11 |   165 ||   176
Throw: Stone             |    15 |       |       |       |       ||    15
Invok: Berserk           |       |     1 |     1 |     7 |     5 ||    14
       Trog's Hand       |       |       |     3 |     2 |       ||     5
  Use: Scroll            |     2 |     2 |     5 |    13 |     9 ||    31
       Potion            |       |       |     2 |     8 |    12 ||    22
  Eat: Chunk             |    12 |    10 |    11 |    30 |       ||    63
       Ration            |       |       |       |     1 |     5 ||     6
Armor: Leather armour    |    20 |    13 |       |       |       ||    33
       Animal skin       |     1 |       |       |       |       ||     1
       Chain mail        |       |    32 |   120 |    29 |       ||   181
       Plate armour      |       |       |       |   174 |   374 ||   548
Dodge: Dodged            |    48 |    64 |   125 |   248 |   420 ||   905

Table legend:
 A = Non-vault XP
 B = Vault XP
 C = Vault XP percentage of total XP
 D = Non-vault monster count
 E = Vault monster count
 F = Vault count percentage of total count
                 A         B        C        D         E       F
            +---------+---------+-------+---------+---------+-------
      Total |   92339 |   38875 |  29.6 |     455 |     167 |  26.8
            +---------+---------+-------+---------+---------+-------
        D:1 |      29 |       0 |   0.0 |      13 |       0 |   0.0
        D:2 |     101 |       0 |   0.0 |      21 |       0 |   0.0
        D:3 |     244 |       0 |   0.0 |      36 |       0 |   0.0
        D:4 |     230 |       0 |   0.0 |      15 |       0 |   0.0
        D:5 |     723 |       0 |   0.0 |      26 |       0 |   0.0
        D:6 |     537 |     478 |  47.1 |      16 |       2 |  11.1
        D:7 |     584 |     234 |  28.6 |      17 |       2 |  10.5
        D:8 |     803 |       2 |   0.2 |      17 |       2 |  10.5
        D:9 |     516 |    2190 |  80.9 |      11 |      31 |  73.8
       D:10 |     641 |       0 |   0.0 |       8 |       0 |   0.0
       D:11 |    5882 |    2203 |  27.2 |      35 |       7 |  16.7
     Lair:1 |    4659 |       0 |   0.0 |      21 |       0 |   0.0
     Lair:2 |    8421 |    3167 |  27.3 |      19 |       2 |   9.5
     Lair:3 |    2436 |       0 |   0.0 |      17 |       0 |   0.0
   Spider:1 |   16480 |    2778 |  14.4 |      45 |       1 |   2.2
   Spider:2 |   17286 |    4034 |  18.9 |      50 |       8 |  13.8
   Spider:3 |   16862 |       0 |   0.0 |      49 |       0 |   0.0
   Spider:4 |   15905 |   15776 |  49.8 |      39 |      34 |  46.6
    Ossuary |       0 |     354 | 100.0 |       0 |      38 | 100.0
     Bailey |       0 |    1787 | 100.0 |       0 |      27 | 100.0
   Gauntlet |       0 |    5872 | 100.0 |       0 |      13 | 100.0
            +---------+---------+-------+---------+---------+-------
